 Dungeon Crawl Stone Soup version 0.28-a0-627-g4e9751bbfc (webtiles) character file.

Game seed: 5313941774786055041

19713 Johnny the Fighter (level 12, -5/112 HPs)
             Began as a Yellow Draconian Ice Elementalist on Oct 7, 2021.
             Was a Priest of Sif Muna.
             Shot with an arrow by a centaur warrior (19 damage)
             ... on level 13 of the Dungeon on Oct 8, 2021.
             The game lasted 00:18:44 (17920 turns).

Johnny the Fighter (DrIE)                          Turns: 17920, Time: 00:18:44

Health: -5/112     AC: 13    Str: 10    XL:     12   Next: 39%
Magic:  20/26      EV: 12    Int: 21    God:    Sif Muna [***...]
Gold:   690        SH:  0    Dex: 12    Spells: 20/31 levels left

rFire   . . .      SeeInvis .   v - +3 whip (elec)
rCold   . . .      Faith    .   (no shield)
rNeg    . . .      Spirit   .   (armour unavailable)
rPois   .          Reflect  .   (helmet restricted)
rElec   .          Harm     .   h - +1 cloak
rCorr   +          Rampage  .   u - +1 pair of gloves
Will    +....                   F - +0 pair of boots
Stlth   ++........              q - amulet of magic regeneration
HPRegen 0.28/turn               C - ring of willpower
MPRegen 0.45/turn               (no ring)

@: no status effects
A: spit acid, AC +8, unfitting armour, cold-blooded, acid resistance
a: Breathe Acid, Renounce Religion, Channel Magic, Forget Spell


You were on level 13 of the Dungeon.
You worshipped Sif Muna.
Sif Muna was most pleased with you.
You visited 2 branches of the dungeon, and saw 14 of its levels.

You collected 714 gold pieces.
You spent 24 gold pieces at shops.

Inventory:

Hand Weapons
 v - a +3 whip of electrocution (weapon)
Armour
 h - a +1 cloak (worn)
 u - a +1 pair of gloves (worn)
 B - a +0 kite shield
 F - a +0 pair of boots (worn)
Jewellery
 q - an amulet of magic regeneration (around neck)
 z - a ring of ice
 C - a ring of willpower (left hand)
 G - the ring "Fugruzeo" {Fire Dex+3}
   (You took it off a tengu warrior on level 7 of the Dungeon)

   [ring of fire]

   It enhances your fire magic.
   Dex:       It affects your dexterity (+3).
   rF:        It protects you from fire.
   rC:        It makes you vulnerable to cold.
 M - an amulet of guardian spirit
Wands
 p - a wand of polymorph (5)
 t - a wand of paralysis (13)
 L - a wand of flame (46)
Scrolls
 a - 2 scrolls of brand weapon
 c - 8 scrolls of teleportation
 d - a scroll of holy word
 e - a scroll of amnesia {unknown}
 f - 2 scrolls of vulnerability
 k - 2 scrolls of noise
 m - a scroll of fear
 n - a scroll of torment {unknown}
 w - a scroll of summoning
 y - a scroll of blinking
 A - a scroll of magic mapping
 D - a scroll of fog {unknown}
Potions
 b - 5 potions of curing
 g - 2 potions of degeneration
 i - 4 potions of heal wounds
 j - 4 potions of might
 l - 2 potions of flight {unknown}
 r - 3 potions of attraction {unknown}
 s - 2 potions of mutation {unknown}
 x - 4 potions of lignification {unknown}
 E - a potion of brilliance {unknown}
 H - a potion of cancellation {unknown}
 J - 2 potions of haste {unknown}


   Skills:
 + Level 11.8 Fighting
 - Level 1.7 Dodging
 - Level 1.7 Stealth
 + Level 6.4 Shields
 + Level 10.2 Spellcasting
 + Level 11.5 Ice Magic
 + Level 7.0 Invocations


You had 20 spell levels left.
You knew the following spells:

 Your Spells              Type           Power      Damage    Failure   Level
a - Freeze                Ice            100%       1d11      1%          1
b - Frozen Ramparts       Ice            100%       1d12      1%          3
c - Ozocubu's Armour      Ice            56%        N/A       1%          3
f - Hailstorm             Conj/Ice       35%        3d9       6%          4

Your spell library contained the following spells:

 Spells                   Type           Power      Damage    Failure   Level
 Poisonous Vapours        Pois/Air       20%        N/A       10%         2
 Sublimation of Blood     Necr           5%         N/A       10%         2
 Dazzling Flash           Conj/Hex       20%        N/A       19%         3
 Agony                    Necr           10%        N/A       87%         5
 Silence                  Hex/Air        5%         N/A       87%         5
 Haunt                    Necr/Summ      5%         N/A       100%        7
 Necromutation            Tmut/Necr      5%         N/A       100%        8


Dungeon Overview and Level Annotations

Branches:
Dungeon (13/15)            Temple (1/1) D:5            Lair (0/6) D:9
    Orc (0/2) D:11
 Vaults: D:13-14

Altars:
Ashenzari
Cheibriados
Elyvilon
Fedhas
Gozag
Hepliaklqana
Kikubaaqudgha
Makhleb
Nemelex Xobeh
Okawaru
Qazlal
Ru
Sif Muna
Trog
Uskayaw
Vehumet
Wu Jian
Xom
Yredelemnul
Zin
The Shining One
Lugonu

Shops:
D:1 *   D:8 (   D:9 =:[(   D:12 ?

Portals:
Abyss: D:9

Annotations:
D:12 exclusion: obsidian statue


Innate Abilities, Weirdness & Mutations

You can spit globs of acid.
Your golden yellow scales are hard. (AC +8)
You cannot fit into any form of body armour.
You are cold-blooded and may be slowed by cold attacks.
You are resistant to acid. (rCorr)


Message History

The +5 long sword hits you.
* * * LOW HITPOINT WARNING * * *
You feel much better. The +5 long sword hits you!
* * * LOW HITPOINT WARNING * * *
As you read the scroll of summoning, it crumbles to dust.
Wisps of shadow whirl around you...
You have got your breath back.
The +5 long sword hits you but does no damage.
The +5 long sword completely misses you.
Your icy armour will break if you move.
Continue?
Your icy armour cracks and falls away as you move.
The +5 long sword hits you!
* * * LOW HITPOINT WARNING * * *
The +5 long sword hits you!
* * * LOW HITPOINT WARNING * * *
Your gnoll closely misses the +5 long sword.
Your tengu conjurer hits the +5 long sword but does no damage.
Your tengu conjurer barely misses the +5 long sword.
Your tengu conjurer misses the +5 long sword.
Your gnoll sergeant hits the +5 long sword from afar with a +1 vorpal spear.
Your gnoll hits the +5 long sword but does no damage.
You swap places.
The +5 long sword hits your gnoll!
Your gnoll dies!
Your gnoll's corpse dissolves into shadows!
Your gnoll sergeant hits the +5 long sword but does no damage.
Your gnoll misses the +5 long sword. The +5 long sword hits your gnoll!
Your gnoll dies!
Your gnoll's corpse dissolves into shadows!
Your gnoll misses the +5 long sword.
The +5 long sword barely misses your tengu conjurer.
Your tengu conjurer hits the +5 long sword.
Your tengu conjurer closely misses the +5 long sword. x2
Your gnoll completely misses the +5 long sword.
Your gnoll sergeant hits the +5 long sword but does no damage.
You open the door.
A centaur warrior comes into view.
The centaur warrior wields a +0 shortbow.
The centaur warrior shoots an arrow.
The arrow hits you!!
You die...

....#........(...............≈≈
....##...#####.(............
.....#########...........
.....##........).........
.....##.......###g....##
.....##.......CW(.Q......
...............gQ..g..... ...
.............g#...... ##
............@.+......
..........###'#....#.
....)...........##.#
..............c.$..#
................#..#
...##...........# .# ...
#...........# . ...............
............#..


You could see a centaur warrior, a +5 long sword (ally target), a friendly tengu
warrior (summoned), a friendly cyclops (summoned), a friendly wraith (summoned),
a friendly tengu conjurer (summoned), a friendly gnoll sergeant (summoned) and 3
friendly gnolls.

Vanquished Creatures
  Josephine (D:10)
  Erolcha (D:11)
  A hydra (D:12)
  A boulder beetle (D:13)
  A dancing weapon (D:13)
  4 two-headed ogres
  A tengu warrior (D:7)
  Urug (D:11)
  Pikel (D:5)
  A deep elf pyromancer (D:13)
  A manticore (D:11)
  3 cyclopes
  2 gargoyles
  3 meliai (D:11)
  A hornet (D:10)
  A human (D:11)
  2 wyverns (D:9)
  8 yaks
  6 wraiths
  2 steam dragons
  A basilisk (D:9)
  2 acid dragons
  A water moccasin (shapeshifter) (D:13)
  3 water moccasins
  4 orc warriors
  2 black bears
  2 ice beasts (D:7)
  2 ogres
  2 necrophages
  7 centaurs
  3 lemures (D:4)
  A phantom (D:6)
  3 kobold brigands
  A gnoll sergeant (D:6)
  A scorpion (D:5)
  16 wights
  6 killer bees
  A howler monkey (D:13)
  6 electric eels (D:10)
  5 centaur zombies
  4 hounds
  A bullfrog zombie (D:5)
  2 jellies
  6 orc priests
  Jessica (D:2)
  A bullfrog skeleton (D:6)
  A centaur skeleton (D:6)
  13 iguanas
  Natasha (thrice) (D:2)
  14 orc wizards
  3 killer bee zombies
  A mummy (D:11)
  8 gnolls
  10 adders
  5 white imps
  An adder skeleton (D:4)
  2 dart slugs (D:1)
  32 orcs
  9 ball pythons
  6 bats
  8 endoplasms
  3 giant cockroaches
  5 goblins
  10 hobgoblins
  14 jackals
  4 quokkas
  4 frilled lizards
  13 kobolds
  4 rats
  2 lurking horrors (D:9)
301 creatures vanquished.

Vanquished Creatures (collateral kills)
  A wyvern (D:11)
  A warg (D:11)
  An orc priest (D:11)
  An orc wizard (D:11)
  3 orcs (D:11)
7 creatures vanquished.

Vanquished Creatures (others)
  A fungus (D:9)
  45 plants
46 creatures vanquished.

Grand Total: 354 creatures vanquished

Notes
Turn   | Place    | Note
-------+----------+-------------------------------------------
     0 | D:1      | Johnny the Draconian Ice Elementalist began the quest for
                  | the Orb.
     0 | D:1      | Reached XP level 1. HP: 14/14 MP: 3/3
   187 | D:1      | Reached XP level 2. HP: 17/22 MP: 0/5
   230 | D:1      | Reached skill level 1 in Fighting
   705 | D:1      | You fall into a shaft and drop 1 floor!
   719 | D:2      | Noticed Jessica
   728 | D:2      | Killed Jessica
   729 | D:2      | Reached XP level 3. HP: 29/29 MP: 2/6
   854 | D:2      | Noticed Natasha
   861 | D:2      | Killed Natasha
   862 | D:2      | Reached XP level 4. HP: 10/36 MP: 3/8
  1080 | D:2      | Learned a level 3 spell: Frozen Ramparts
  1084 | D:2      | Learned a level 3 spell: Ozocubu's Armour
  1677 | D:1      | Found Gannyma's General Store.
  1680 | D:1      | Bought a scroll of identify for 24 gold pieces
  2047 | D:2      | Noticed Natasha
  2059 | D:2      | Killed Natasha
  2060 | D:2      | Reached XP level 5. HP: 39/44 MP: 3/9
  2175 | D:2      | Reached skill level 5 in Ice Magic
  2207 | D:2      | Noticed Natasha
  2215 | D:2      | Killed Natasha
  3141 | D:3      | You fall into a shaft and drop 3 floors!
  3149 | D:6      | Reached XP level 6. HP: 40/51 MP: 5/11
  3660 | D:5      | Entered Level 5 of the Dungeon
  3725 | D:5      | Noticed a water moccasin
  3730 | D:5      | Killed a water moccasin
  3731 | D:5      | Your scales start taking on a golden yellow colour.
  3731 | D:5      | Reached XP level 7. HP: 60/60 MP: 5/13
  3731 | D:5      | Gained mutation: You are resistant to acid. (rCorr) [Yellow
                  | Draconian growth]
  3934 | D:4      | Noticed Pikel
  3970 | D:5      | Killed Pikel
  3971 | D:5      | Reached skill level 5 in Fighting
  3971 | D:5      | Reached skill level 5 in Spellcasting
  3971 | D:5      | Reached XP level 8. HP: 44/70 MP: 1/15
  4236 | D:4      | Noticed Sigmund
  4336 | D:4      | Noticed Sigmund
  4336 | D:4      | Sigmund changed into Sigmund the gnoll
  4343 | D:4      | Killed Sigmund the gnoll
  5174 | D:5      | Found a staircase to the Ecumenical Temple.
  5419 | Temple   | Entered the Ecumenical Temple
  5595 | Temple   | Became a worshipper of Sif Muna the Loreminder
  6712 | D:6      | Learned a level 4 spell: Hailstorm
  6821 | D:6      | Reached XP level 9. HP: 54/79 MP: 18/18
  7336 | D:7      | Found a sacrificial altar of Ru.
  7351 | D:7      | Reached * piety under Sif Muna
  7605 | D:7      | Noticed a gargoyle
  7627 | D:7      | Killed a gargoyle
  7808 | D:7      | Found a broken altar of Ashenzari.
  8076 | D:7      | Noticed a cyclops
  8111 | D:7      | Killed a cyclops
  8307 | D:7      | Identified the ring "Fugruzeo" {Fire Dex+3}
  8307 | D:7      | Noticed a tengu warrior
  8317 | D:7      | Killed a tengu warrior
  8318 | D:7      | Reached XP level 10. HP: 59/91 MP: 13/22
  9240 | D:8      | Reached ** piety under Sif Muna
  9610 | D:8      | Found Xaruabb's Firing Range.
  9727 | D:8      | Noticed a two-headed ogre
  9738 | D:8      | Killed a two-headed ogre
  9739 | D:8      | Reached skill level 1 in Shields
  9739 | D:8      | Reached skill level 1 in Invocations
 10699 | D:9      | Reached skill level 10 in Ice Magic
 10790 | D:9      | Reached skill level 10 in Fighting
 10978 | D:9      | Found a staircase to the Lair.
 11046 | D:9      | Found Ufipt's Book Shoppe.
 11062 | D:9      | Found Nimiolip's Jewellery Emporium.
 11085 | D:9      | Found a corrupted altar of Lugonu.
 11360 | D:9      | Found a one-way gate to the infinite horrors of the Abyss.
 11572 | D:9      | Found Gecwuureof's Weapon Shop.
 11626 | D:9      | Found Appo's Antique Armour Shop.
 11770 | D:10     | Entered Level 10 of the Dungeon
 12067 | D:10     | Reached XP level 11. HP: 88/100 MP: 10/23
 12488 | D:10     | Noticed Josephine
 12498 | D:10     | Killed Josephine
 12513 | D:10     | Reached *** piety under Sif Muna
 12853 | D:10     | Noticed a two-headed ogre
 12862 | D:10     | Killed a two-headed ogre
 12996 | D:10     | Got the Volume of Darkness and the Birds
 13619 | D:10     | Found an iron altar of Okawaru.
 13619 | D:10     | Found a glowing golden altar of the Shining One.
 13827 | D:11     | Noticed Erolcha
 13832 | D:11     | Killed Erolcha
 13833 | D:11     | Reached skill level 5 in Invocations
 14317 | D:11     | Found a staircase to the Orcish Mines.
 14319 | D:11     | Reached skill level 5 in Shields
 15228 | D:11     | Noticed a two-headed ogre
 15230 | D:11     | Noticed Urug
 15237 | D:11     | Killed a two-headed ogre
 15241 | D:11     | Killed Urug
 15252 | D:11     | Reached XP level 12. HP: 17/110 MP: 17/25
 16313 | D:12     | Found Buawkula's Magic Scroll Emporium.
 16810 | D:12     | Noticed a two-headed ogre
 16819 | D:12     | Killed a two-headed ogre
 17220 | D:12     | Noticed a six-headed hydra
 17230 | D:12     | Killed a six-headed hydra
 17231 | D:12     | Reached skill level 10 in Spellcasting
 17885 | D:13     | Upgraded the game from 0.28-a0-622-gbaef9634d7 to
                  | 0.28-a0-627-g4e9751bbfc
 17885 | D:13     | Noticed a boulder beetle
 17897 | D:13     | Killed a boulder beetle
 17920 | D:13     | Noticed a centaur warrior
 17920 | D:13     | Shot with an arrow by a centaur warrior

Illustrated notes

Levels and vault maps discovered:
D:1:      erik_arrival_orb_chamber, layout_loops_cross, serial_shops,
          nicolae_shop_behind_doors, glass_columns_a, minmay_surrounded
D:2:      layout_basic, minmay_tall_x, uniq_jessica, uniq_natasha
D:3:      layout_rooms
D:4:      layout_cave_pools, uniq_pikel, uniq_sigmund
D:5:      layout_loops_ring, minmay_temple_entry_overgrown
D:6:      layout_basic, kb_rosetta
D:7:      nzn_winding_woodlands_three_and_one
          [nzn_winding_woodlands_5x15_pockets,
          nzn_winding_woodlands_5x15_lazy_stream,
          nzn_winding_woodlands_5x15_pool,
          nzn_winding_woodlands_center_diamonds], layout_rooms,
          mainiacjoe_overflow_surrounded_room, mainiacjoe_overflow_24_doors
D:8:      layout_basic, nicolae_shop_firing_range
D:9:      layout_cave_pools, minmay_lair_entry_grove, serial_shops,
          kennysheep_little_box, kennysheep_mini_moat, shop, shop,
          amcnicky_altar_lugonu_corruption
D:10:     layout_basic, gammafunk_temple_overflow_statue, serial_bayou,
          serial_bayou_ford_a, serial_bayou_pond_c, serial_bayou_pond_c,
          serial_bayou_pond_a, serial_bayou_crossing, uniq_josephine
D:11:     layout_irregular_city, erik_orc_4, serial_undead, serial_undead_e,
          serial_undead_c, serial_undead_d, serial_undead_d, uniq_erolcha,
          uniq_urug
D:12:     minmay_statue_hallways, layout_loops_corners, serial_shops,
          nicolae_take_the_stairs
D:13:     layout_basic, erik_vaults_1, kennysheep_generic_room_2
Temple:   hc_temple_tempest_star

Skill      XL: |  1  2  3  4  5  6  7  8  9 10 11 12 |
---------------+-------------------------------------+-----
Fighting       | 1 2 3 4 5 7 9 10 11 | 11.8
Spellcasting   | 3 4 5 6 8 9 10 | 10.2
Ice Magic      | 5 6 7 9 10 11 | 11.5
Shields        | 3 5 6 |  6.4
Invocations    | 3 6 7 |  7.0
Dodging        | |  1.7
Stealth        | |  1.7

Action                   |  1- 3 |  4- 6 |  7- 9 | 10-12 || total
-------------------------+-------+-------+-------+-------++-------
Melee: Unarmed           |    31 |       |       |       ||    31
       Dagger            |    14 |   117 |    64 |       ||   195
       Tailslap          |     1 |     7 |    25 |    33 ||    66
       Whip              |       |       |   164 |   281 ||   445
 Cast: Freeze            |    24 |    14 |    40 |   145 ||   223
       Frozen Ramparts   |       |    14 |    28 |    35 ||    77
       Ozocubu's Armour  |       |     4 |    10 |    30 ||    44
       Hailstorm         |       |       |       |    31 ||    31
Invok: Channel Magic     |       |       |       |     1 ||     1
 Abil: Breathe Acid      |       |       |     5 |    11 ||    16
Evoke: Wand              |       |       |     4 |    23 ||    27
  Use: Scroll            |       |     3 |     4 |    12 ||    19
       Potion            |       |       |     1 |     1 ||     2
 Stab: Sleeping          |     1 |       |     1 |       ||     2
       Paralysed         |       |       |       |    11 ||    11
Armor: Skin              |    21 |    62 |   139 |   391 ||   613
Dodge: Dodged            |    53 |    99 |   219 |   423 ||   794

Table legend: (Time is in decaauts)
 A = Elapsed time spent in this place.
 B = Non-inter-level travel time spent in this place.
 C = Inter-level travel time spent in this place.
 D = Time resting spent in this place.
 E = Time spent auto-exploring this place.
 F = Levels seen in this place.
 G = Mean time per level.
                   A        B        C        D        E       F      G
               +--------+--------+--------+--------+--------+-----+--------+
         Total |  18142 |  17688 |    454 |   3775 |  11186 |  14 | 1295.9 |
       Dungeon |  17911 |  17503 |    408 |   3775 |  11022 |  13 | 1377.8 |
        Temple |    230 |    185 |     45 |      0 |    163 |   1 |  230.0 |
               +--------+--------+--------+--------+--------+-----+--------+

Top non-repeatable levels by time:
    D:10: 2481 daAuts
    D:11: 2160 daAuts
     D:7: 1932 daAuts
     D:8: 1750 daAuts
     D:6: 1733 daAuts
     D:2: 1441 daAuts
     D:1: 1366 daAuts
     D:9: 1148 daAuts
     D:5: 1003 daAuts
    D:12: 993 daAuts
    D:13: 650 daAuts
     D:3: 639 daAuts
     D:4: 610 daAuts
  Temple: 230 daAuts
